 Dungeon Crawl Stone Soup version 0.22-a0-618-gd6a3efe (webtiles) character file.

52 Hebeh the Magician (level 3, -1/19 HPs)
             Began as a Deep Elf Fire Elementalist on July 13, 2018.
             Slain by Terence
             ... wielding a +0 trident
              (4 damage)
             ... on level 2 of the Dungeon.
             The game lasted 00:06:25 (1912 turns).

Hebeh the Magician (Deep Elf Fire Elementalist)     Turns: 1912, Time: 00:06:25

Health: -1/19      AC:  9    Str:  5    XL:     3   Next: 60%
Magic:  9/10       EV: 13    Int: 20    God:
Gold:   67         SH:  0    Dex: 15    Spells: 9/10 levels left

rFire    . . .     SeeInvis .   a - +1 mace (protect)
rCold    . . .     Gourm    .   (no shield)
rNeg     . . .     Faith    .   i - +0 robe
rPois    .         Spirit   .   (no helmet)
rElec    .         Reflect  .   (no cloak)
rCorr    .         Harm     .   (no gloves)
MR       .....                  (no boots)
Stlth    ++........             (no amulet)
HPRegen  0.06/turn              (no ring)
MPRegen  0.12/turn              (no ring)

@: protection aura
A: no striking features
a: no special abilities


You were on level 2 of the Dungeon.
You were not hungry.

You visited 1 branch of the dungeon, and saw 2 of its levels.

You collected 67 gold pieces.

Inventory:

Hand Weapons
 a - a +1 mace of protection (weapon)
 b - a +0 hunting sling
Missiles
 f - 70 stones (quivered)
 m - 9 sling bullets
Armour
 i - a +0 robe (worn)
Scrolls
 e - a scroll of identify {unknown}
 g - a scroll of remove curse {unknown}
 k - a scroll of amnesia {unknown}
 l - 4 scrolls of noise {unknown}
Potions
 d - 2 potions of curing {unknown}
 h - a potion of brilliance {unknown}
 n - a potion of invisibility
 o - a potion of mutation {unknown}
Comestibles
 c - 4 rations
 j - 3 chunks of flesh


   Skills:
 * Level 1.2 Armour
 + Level 2.9 Dodging
 + Level 2.9 Stealth
 * Level 4.0 Spellcasting
 + Level 1.6 Conjurations
 - Level 3.2 Fire Magic


You had 9 spell levels left.
You knew the following spells:

 Your Spells              Type           Power        Failure   Level  Hunger
a - Flame Tongue          Conj/Fire      ##...        4%          1    None

Your spell library contained the following spells:

 Spells                   Type           Power        Failure   Level  Hunger
 Fireball                 Conj/Fire      ##........   78%         5    ######.
 Conjure Flame            Conj/Fire      ##......     14%         3    ###....
 Throw Flame              Conj/Fire      ##....       7%          2    #......
 Sticky Flame             Conj/Fire      ##......     43%         4    ####...
 Inner Flame              Hex/Fire       ##......     21%         3    ###....


Dungeon Overview and Level Annotations

Branches:
Dungeon (2/15)

Altars:

Annotations:
D:2 Terence


Message History

Deactivating autopickup; reactivate with Ctrl-A.
Casting: Flame Tongue (safe; 4% risk of failure)
Confirm with . or Enter, or press ? or * to list all spells.
You can't see any susceptible monsters within range! (Use Z to cast anyway.)
Something hits you.
Casting: Flame Tongue (safe; 4% risk of failure)
Confirm with . or Enter, or press ? or * to list all spells.
You can't see any susceptible monsters within range! (Use Z to cast anyway.) Unknown command.
Unknown command.
Your +1 mace of protection hums with potential!
a - a +1 mace of protection (weapon)
Something hits you. Something hits you!
* * * LOW HITPOINT WARNING * * *
You barely miss something. Something hits you but does no damage.
You hit something but do no damage.
Your weapon exudes an aura of protection.
Something hits you.
You die...

###.######........#.#.#.# #..#
#
#....).<.......[....#)###..####
.
########.##.......###..>.......
#. #.#####..####.......#.## ...
#.............#.# ..#.#
#...............## ##. .#
#..##.....#..#.... ## ##
#..............### ###
#@###.....#....... ..#
#{####..>......### #.# #..#
######.#..### #.# ##.# #.......
#.# #.# ###..### #.# #.# #..#
#.# #.# #..# #.# #......# #..#
#.# ######.# #..#


There were no monsters in sight!

Vanquished Creatures
  2 worms (D:2)
  4 leopard geckos
  A ball python (D:1)
  2 giant cockroaches
  6 goblins
  6 hobgoblins
  A quokka (D:2)
  A bat (D:1)
  4 frilled lizards
  6 kobolds
  8 rats
41 creatures vanquished.

Notes
Turn   | Place    | Note
-------+----------+-------------------------------------------
     0 | D:1      | Hebeh the Deep Elf Fire Elementalist began the quest for the Orb.
     0 | D:1      | Reached XP level 1. HP: 10/10 MP: 6/6
   412 | D:1      | Reached XP level 2. HP: 15/15 MP: 0/8
  1309 | D:2      | Reached skill level 1 in Armour
  1327 | D:2      | Reached XP level 3. HP: 19/19 MP: 5/10
  1855 | D:2      | Reached skill level 4 in Spellcasting
  1898 | D:2      | Noticed Terence
  1912 | D:2      | Slain by Terence

Vault maps used:
D:1:      dpeg_arrival_connections, minivault_14, hex_tiny
D:2:      first_ration, uniq_crazy_yiuf_cottage, uniq_terence, uniq_jessica

Skill      XL: |  1  2  3 |
---------------+----------+-----
Armour         | 1 |  1.2
Spellcasting   | 4 |  4.0
Dodging        | |  2.9
Stealth        | |  2.9
Conjurations   | |  1.6
Fire Magic     | |  3.2

Action                   || total
-------------------------++-------
Melee: Mace              ||    11
 Fire: Hunting sling     ||    30
Throw: Stone             ||     7
 Cast: Flame Tongue      ||    53
 Stab: Sleeping          ||     1
  Eat: Chunk             ||     3
Armor: Robe              ||     3
Dodge: Dodged            ||    20

Table legend:
 A = Spawn XP
 B = Non-spawn XP
 C = Spawn XP percentage of total XP
 D = Spawn monster count
 E = Non-spawn monster count
 F = Spawn count percentage of total count
 G = Total turns spent on level
                    A         B        C        D         E        F      G
               +---------+---------+-------+---------+---------+-------+---------
         Total |       0 |      75 |   0.0 |       0 |      41 |   0.0 |  1912
               +---------+---------+-------+---------+---------+-------+---------
           D:1 |       0 |      29 |   0.0 |       0 |      17 |   0.0 |  1217
           D:2 |       0 |      46 |   0.0 |       0 |      24 |   0.0 |   695
               +---------+---------+-------+---------+---------+-------+---------
